 Dungeon Crawl Stone Soup version 0.31-a0-187-gba352fbbf7 (webtiles) character file.

Game seed: 15313108229379010369

33 qw the Shooter (level 3, 0/20 HPs)
             Began as a Deep Elf Hunter on June 22, 2023.
             Succumbed to their own poison gas
             ... on level 1 of the Dungeon.
             The game lasted 00:00:20 (571 turns).

qw the Shooter (Deep Elf Hunter)                     Turns: 571, Time: 00:00:20

Health: 0/20       AC:  8    Str: 10    XL:     3   Next: 12%
Magic:  5/5        EV: 11    Int: 13    God:
Gold:   48         SH:  0    Dex: 24    Spells: 2/2 levels left

rFire   . . .        Y - +0 shortbow (flame)
rCold   . . .        (shield currently unavailable)
rNeg    . . .        m - +0 ring mail
rPois   .            (no helmet)
rElec   .            (no cloak)
rCorr   .            p - +2 pair of gloves
SInv    .            (no boots)
Will    .....        (no amulet)
Stlth   ++           o - +6 ring of dexterity
HPRegen 0.23/turn    (no ring)
MPRegen 0.09/turn

%: no passive effects
@: lethally poisoned (0 -> -4)
A: no striking features
a: no special abilities


You were on level 1 of the Dungeon.
You visited 1 branch of the dungeon, and saw 1 of its levels.

You collected 48 gold pieces.


   Skills:
 - Level 1.5 Fighting
 + Level 6.7 Ranged Weapons
 - Level 2.4 Dodging
 - Level 1.2 Stealth


You had 2 spell levels left.
You didn't know any spells.
Your spell library was empty.

Inventory:

Hand Weapons
 Y - a +0 shortbow of flaming (weapon)
Armour
 m - a +0 ring mail (worn)
 p - a +2 pair of gloves (worn)
Jewellery
 o - a +6 ring of dexterity (left hand)
Scrolls
 a - a scroll of identify
Potions
 g - a potion of enlightenment {unknown}
 k - a potion of attraction {unknown}
 l - a potion of lignification {unknown}
 q - a potion of brilliance {unknown}

Dungeon Overview and Level Annotations

Branches:
Dungeon (1/15)

Altars:

Shops:
D:1 [


Message History

It is a scroll of amnesia.
You feel forgetful for a moment.
Done exploring.
564 ||| READING scroll labelled KAAHITW MEISA.
As you read the scroll labelled KAAHITW MEISA, it crumbles to dust.
You feel aware of your surroundings.
It was a scroll of revelation.
Enter note:
Enter note:
Enter note: Done exploring.
565 ||| DROPPING scroll of butterflies.
You drop a scroll of butterflies.
Done exploring.
(D) Dungeon
Where to? (* - list waypoints, ? - help)
What level of the Dungeon? (default 1, ? - help) Sorry, I don't know how to get there.
Enter note:
Enter note:
Enter note:
Enter note:
Enter note:
Enter note:
Enter note:
Enter note:
Enter note: Really walk into that cloud of poison gas?
You are engulfed in poison gas.
You are poisoned.
You feel very sick.
567 ||| Stepping ~*~*~tactically~*~*~ (cloud).
You feel sick.
Things that are here:
a scroll of butterflies; a +0 pair of gloves; a +0 leather armour
There is a lethal amount of poison in your body!
You feel sick.
There is a lethal amount of poison in your body!
You feel sick.
There is a lethal amount of poison in your body!
You feel sick.
There is a lethal amount of poison in your body!
You die...

###############
###############
###############
###############
###############
############### ###
#######0############ #..
#######@00¤0¤¤0....# #.#
#######¤##########.###.#
#######0##########.....#
#######¤########..%...##
#######¤#####....####.##
#######¤####..#### #..#
#######0####.## ##..
##....0¤¤....###########
#..............(.......


There were no monsters in sight!

Vanquished Creatures
  3 bats (D:1)
  An endoplasm (D:1)
  4 giant cockroaches (D:1)
  4 goblins (D:1)
  2 hobgoblins (D:1)
  6 jackals (D:1)
  2 kobolds (D:1)
  A quokka (D:1)
  A ball python (D:1)
  2 rats (D:1)
26 creatures vanquished.

Notes
Turn   | Place    | Note
-------+----------+-------------------------------------------
     0 | D:1      | qw the Deep Elf Hunter began the quest for the Orb.
     0 | D:1      | Reached XP level 1. HP: 12/12 MP: 3/3
     0 | D:1      | 0 ||| qw: Version: 0.3-a-9-g12657ce
     0 | D:1      | 0 ||| qw: Game counter: 1959
     0 | D:1      | 0 ||| qw: Always use a shield: true
     0 | D:1      | 0 ||| qw: God list: Okawaru
     0 | D:1      | 0 ||| qw: Allow faded altars: false
     0 | D:1      | 0 ||| qw: Do Orc after D:15 true
     0 | D:1      | 0 ||| qw: Do second Lair branch before Depths: true
     0 | D:1      | 0 ||| qw: Lair rune preference: random
     0 | D:1      | 0 ||| qw: Plans: Normal
     0 | D:1      | 0 ||| PLANNING D:1-11
    29 | D:1      | Found a faded altar of an unknown god.
   110 | D:1      | Reached skill level 6 in Ranged Weapons
   110 | D:1      | Reached XP level 2. HP: 16/16 MP: 4/4
   215 | D:1      | Found Mewkiagatt's Antique Armour Boutique.
   225 | D:1      | 225 ||| SHOPLISTING faintly humming helmet (209 gold, have
                  | 48).
   225 | D:1      | 225 ||| SHOPLISTING pair of boots (99 gold, have 48).
   333 | D:1      | Reached XP level 3. HP: 20/20 MP: 5/5
   531 | D:1      | 531 ||| UPGRADING to +0 pair of gloves.
   536 | D:1      | 536 ||| UPGRADING to +0 ring mail.
   546 | D:1      | 546 ||| DROPPING +0 leather armour.
   547 | D:1      | 547 ||| UPGRADING to +2 pair of gloves.
   557 | D:1      | 557 ||| DROPPING +0 pair of gloves.
   558 | D:1      | 558 ||| UPGRADING to +6 ring of dexterity.
   559 | D:1      | 559 ||| READING 2 scrolls labelled WICRACWIECE.
   560 | D:1      | 560 ||| READING scroll labelled QISO FIMPODGHO.
   561 | D:1      | 561 ||| READING scroll labelled EGOGIUFEUPH.
   562 | D:1      | 562 ||| READING scroll labelled RAIQOJARRE.
   563 | D:1      | 563 ||| READING scroll labelled DEOLO VUILUIB.
   564 | D:1      | 564 ||| READING scroll labelled KAAHITW MEISA.
   565 | D:1      | 565 ||| DROPPING scroll of butterflies.
   567 | D:1      | 567 ||| Stepping ~*~*~tactically~*~*~ (cloud).
   567 | D:1      | HP: 5/20 [poisoned by you (poison gas)]
   569 | D:1      | HP: 2/20 [poisoned by you (poison gas)]
   571 | D:1      | Succumbed to their own poison gas

Levels and vault maps discovered:
D:1:      saegor_arrival_under_anarchy, layout_rooms,
          hellmonk_ecumenical_altar_lost_god, serial_shops,
          nicolae_shop_peninsula

Skill      XL: |  1 |
---------------+----+-----
Ranged Weapons | 6 |  6.7
Fighting       | |  1.5
Dodging        | |  2.4
Stealth        | |  1.2

Action                     || total
---------------------------++-------
   Fire: Shortbow          ||    60
    Use: Scroll            ||     6
 Armour: Leather armour    ||     2
  Dodge: Dodged            ||     2

Table legend:
 A = Non-vault XP
 B = Vault XP
 C = Vault XP percentage of total XP
 D = Non-vault monster count
 E = Vault monster count
 F = Vault count percentage of total count
                 A         B        C        D         E       F
            +---------+---------+-------+---------+---------+-------
      Total |      48 |       0 |   0.0 |      26 |       0 |   0.0
            +---------+---------+-------+---------+---------+-------
        D:1 |      48 |       0 |   0.0 |      26 |       0 |   0.0
            +---------+---------+-------+---------+---------+-------
